 Dungeon Crawl Stone Soup version 0.20.1-1-g8b1a95d (webtiles) character file.

767 ReignOfFire the Slasher (level 7, -1/52 HPs)
             Began as a Demonspawn Gladiator on July 25, 2017.
             Slain by a two-headed ogre
             ... wielding a +0 giant spiked club
              (21 damage)
             ... on level 6 of the Dungeon.
             The game lasted 00:08:31 (4136 turns).

ReignOfFire the Slasher (Demonspawn Gladiator)      Turns: 4136, Time: 00:08:32

Health: -1/52      AC: 12    Str: 14    XL:     7   Next: 52%
Magic:  7/7        EV: 14    Int: 10    God:
Gold:   300        SH:  0    Dex: 19    Spells: 6/6 levels left

rFire    . . .     SeeInvis .   a - +0 long sword
rCold    + . .     Gourm    .   (no shield)
rNeg     . . .     Faith    .   I - +0 chain mail
rPois    .         Spirit   .   c - +0 helmet
rElec    .         Reflect  .   (no cloak)
rCorr    .         Harm     .   (no gloves)
MR       .....                  D - +1 pair of boots of the Armoured One {rC+ Dex+3}
Stlth    ..........             (no amulet)
Regen    0.2/turn               j - +4 ring of evasion
MPRegen  0.1/turn               (no ring)

@: no status effects
A: claws 1, demonic guardian 1, sturdy frame 2
a: no special abilities


You were on level 6 of the Dungeon.
You were hungry.

You visited 1 branch of the dungeon, and saw 6 of its levels.

You collected 300 gold pieces.

Inventory:

Hand Weapons
 a - a +0 long sword (weapon)
Missiles
 d - 3 throwing nets (quivered)
Armour
 b - a +0 leather armour
 c - a +0 helmet (worn)
 r - a +0 scale mail
 D - the +1 pair of boots of the Armoured One (worn) {rC+ Dex+3}
   (You found it on level 4 of the Dungeon)

   It affects your dexterity (+3).
   It protects you from cold.
 I - a +0 chain mail (worn)
Jewellery
 j - a +4 ring of evasion (left claw)
 y - an uncursed ring of fire {unknown}
Wands
 C - a wand of random effects (26/48)
 H - a wand of clouds (2/9)
Scrolls
 h - 3 scrolls of amnesia {unknown}
 k - 2 scrolls of recharging {unknown}
 l - 2 scrolls of fog {unknown}
 t - 3 scrolls of identify {unknown}
 w - a scroll of remove curse {unknown}
 x - 2 scrolls of noise {unknown}
 E - a scroll of teleportation {unknown}
 F - 3 scrolls of enchant armour {unknown}
 G - a scroll of immolation {unknown}
Potions
 e - a potion of degeneration {unknown}
 i - 2 potions of cancellation {unknown}
 n - a potion of brilliance {unknown}
 o - 2 potions of haste {unknown}
 p - 2 potions of curing {unknown}
 q - a potion of heal wounds {unknown}
 s - 2 potions of mutation {unknown}
 u - a potion of invisibility {unknown}
 v - 3 potions of flight {unknown}
 z - a potion of might {unknown}
 A - a potion of resistance {unknown}
Comestibles
 f - 2 bread rations
 g - 3 meat rations
 m - 2 royal jellies
 B - 5 fruits


   Skills:
 + Level 3.3 Fighting
 + Level 5.9 Long Blades
 + Level 2.0 Throwing
 + Level 3.2 Armour
 + Level 4.0 Dodging
 + Level 1.0 Stealth


You had 6 spell levels left.
You didn't know any spells.

Dungeon Overview and Level Annotations

Branches:
Dungeon (6/15)
 Temple: D:4-7

Altars:
Dithmenos
Okawaru
Qazlal
Ru
Vehumet
Yredelemnul

Shops:
D:4 (


Innate Abilities, Weirdness & Mutations

You have sharp fingernails.
A weak demonic guardian rushes to your aid.
Your movements are less encumbered by armour. (ER -4)


Message History

There is an open door here.
You open the door.
There is an open door here.
You open the door.
There is an open door here.
s - 2 silvery potions (gained 1)
A two-headed ogre comes into view. It is wielding two giant spiked clubs.
The two-headed ogre shouts in stereo!
Your shadow imp gestures at the two-headed ogre.
The two-headed ogre writhes in agony!
Your shadow imp hits the two-headed ogre but does no damage.
You barely miss the two-headed ogre.
The two-headed ogre is lightly wounded.
The two-headed ogre barely misses you.
The two-headed ogre hits you with a giant spiked club!
Your shadow imp hits the two-headed ogre.
You hit the two-headed ogre but do no damage.
The two-headed ogre is lightly wounded.
The two-headed ogre hits you with a giant spiked club!! x2
You die...

######## #......#
#......# #......#
#......#
#....5.#+####
#...O@......########
#...................
#...................
#...................
#######.............
#.............
#.............
#.....##########
#.....'......#..


You could see a two-headed ogre and a friendly shadow imp.

Vanquished Creatures
  An ogre (D:6)
  A crocodile (D:5)
  A bullfrog (D:5)
  A howler monkey (D:5)
  A bullfrog zombie (D:5)
  A centaur zombie (D:5)
  A quasit (D:5)
  A bullfrog skeleton (D:4)
  A hound (D:3)
  An orc wizard (D:5)
  2 worker ants (D:5)
  A hound skeleton (D:4)
  6 adders
  An adder zombie (D:5)
  An adder skeleton (D:4)
  2 worms (D:3)
  2 dart slugs
  3 leopard geckos
  6 orcs
  5 bats
  3 giant cockroaches
  6 goblins
  7 hobgoblins
  4 jackals (D:3)
  7 kobolds
  A ball python (D:4)
  A quokka zombie (D:5)
  7 rats
75 creatures vanquished.

Vanquished Creatures (collateral kills)
  An ogre (D:5)
  A bullfrog zombie (D:5)
  A crimson imp (D:5)
  Jessica (D:2)
  An orc wizard (D:5)
  A worker ant (D:5)
6 creatures vanquished.

Grand Total: 81 creatures vanquished

Notes
Turn   | Place    | Note
-------+----------+-------------------------------------------
     0 | D:1      | ReignOfFire the Demonspawn Gladiator began the quest for the Orb.
     0 | D:1      | Reached XP level 1. HP: 16/16 MP: 1/1
   242 | D:1      | Gained mutation: A weak demonic guardian rushes to your aid. [demonic ancestry]
   242 | D:1      | Reached XP level 2. HP: 15/22 MP: 2/2
   278 | D:1      | Reached skill level 3 in Long Blades
   787 | D:2      | Noticed Jessica
   799 | D:2      | Killed Jessica
   799 | D:2      | Reached XP level 3. HP: 22/27 MP: 3/3
   884 | D:2      | Found a stormy altar of Qazlal.
  1014 | D:2      | Found a shadowy altar of Dithmenos.
  1391 | D:3      | Gained mutation: You have sharp fingernails. [demonic ancestry]
  1391 | D:3      | Reached XP level 4. HP: 34/34 MP: 4/4
  1761 | D:3      | Found a faded altar of an unknown god.
  1978 | D:3      | Reached skill level 4 in Long Blades
  2047 | D:3      | Gained mutation: Your movements are slightly less encumbered by armour. (ER -2) [demonic ancestry]
  2047 | D:3      | Reached XP level 5. HP: 36/39 MP: 5/5
  2097 | D:3      | Reached skill level 1 in Armour
  2677 | D:4      | Found a sacrificial altar of Ru.
  2680 | D:4      | Found a basalt altar of Yredelemnul.
  2683 | D:4      | Found an iron altar of Okawaru.
  2686 | D:4      | Found a radiant altar of Vehumet.
  2735 | D:4      | Found Ureorauk's Antique Weapon Shoppe.
  2838 | D:4      | Got a pair of polished boots
  2844 | D:4      | Identified the +1 pair of boots of the Armoured One {rC+ Dex+3} (You found it on level 4 of the Dungeon)
  3013 | D:5      | Entered Level 5 of the Dungeon
  3136 | D:5      | Reached XP level 6. HP: 39/46 MP: 6/6
  3170 | D:5      | Reached skill level 5 in Long Blades
  3627 | D:5      | Gained mutation: Your movements are less encumbered by armour. (ER -4) [demonic ancestry]
  3627 | D:5      | Reached XP level 7. HP: 44/52 MP: 7/7
  3658 | D:5      | Reached skill level 1 in Stealth
  4131 | D:6      | Noticed a two-headed ogre
  4136 | D:6      | Slain by a two-headed ogre

Skill      XL: |  1  2  3  4  5  6  7 |
---------------+----------------------+-----
Long Blades    | 3 4 5 |  5.9
Dodging        | 3 4 |  4.0
Armour         | 1 2 3 |  3.2
Fighting       | 3 |  3.3
Stealth        | 1 |  1.0
Throwing       | 2 |  2.0

Action                   |  1- 3 |  4- 6 |  7- 9 || total
-------------------------+-------+-------+-------++-------
Melee: Long sword        |    72 |   200 |    44 ||   316
Throw: Throwing net      |       |     1 |       ||     1
 Stab: Held in net/web   |       |     1 |       ||     1
  Eat: Chunk             |     2 |     6 |     2 ||    10
Armor: Leather armour    |    16 |       |       ||    16
       Scale mail        |     8 |    67 |    21 ||    96
Dodge: Dodged            |    66 |   159 |    66 ||   291
       Rpst.: Long sword |    26 |    57 |    17 ||   100
